Map: Ruins of Seras

Players

HopeLeSS

  • Race: Terran Terran
  • League: Diamond

Chris (MCanning) - Winner!

  • Race: Protoss Protoss
  • League: Diamond

VOD

Have the link to the VOD?

Description

Time

  • Played on: Nov. 11, 2015, 2:39 a.m.
  • Length: 9:27
Show
View Real Time Build Order
Export as new Build Order

HopeLeSS Terran 

Build Orders: MMM Bio 

Get SALT Encoding   

  12  0:00  SCV  
  13  0:13  SCV  
  14  0:18  Supply Depot  
  14  0:25  SCV  
  15  0:40  SCV  
  15  0:42  Barracks  
  16  0:52  SCV  
  17  1:04  SCV  
  18  1:16  SCV  
  19  1:27  Command Center  
  19  1:32  Orbital Command  
  19  1:36  Marine  
  20  1:42  Supply Depot  
  20  1:54  Marine  
  20  2:01  SCV  
  22  2:03  Refinery  
  22  2:05  Refinery  
  22  2:13  SCV  
  23  2:16  Bunker  
  23  2:18  Marine  
  24  2:25  SCV  
  25  2:37  SCV  
  25  2:38  Orbital Command  
  26  2:49  SCV  
  27  2:57  Supply Depot  
  26  2:59  Factory  
  26  3:01  SCV  
  26  3:02  Barracks Reactor  
  26  3:05  SCV  
  28  3:13  SCV  
  29  3:20  SCV  
  29  3:25  SCV  
  31  3:30  Barracks  
  31  3:31  Barracks  
  31  3:32  SCV  
  32  3:35  Supply Depot  
  32  3:38  SCV  
  32  3:39  Marine x2  
  35  3:44  SCV  
  34  3:57  Marine x2  
  34  4:15  Marine x2  
  36  4:18  SCV x2  
  36  4:23  Factory Reactor  
  38  4:24  Starport  
  38  4:30  SCV x2  
  40  4:33  Marine x2  
  40  4:35  Barracks Tech Lab x2  
  42  4:42  SCV x2  
  44  4:51  Command Center  
  44  4:54  SCV x2  
  44  4:57  Supply Depot  
  44  4:59  Stimpack  
  46  5:00  Combat Shields  
  46  5:06  SCV x2  
  48  5:09  Medivac x2  
  52  5:18  SCV x2, Refinery  
  52  5:19  Refinery  
  54  5:24  Supply Depot  
  56  5:28  Marauder  
  56  5:29  Marine x2, Marauder  
  56  5:30  SCV x2  
  62  5:42  SCV x2  
  64  5:47  Bunker  
  64  5:48  Bunker, Marine x2  
  68  5:50  Marauder x2  
  68  6:08  Marine, Medivac x2  
  68  6:09  Marine  
  76  6:11  Marauder x2  
  78  6:23  Supply Depot  
  78  6:25  Supply Depot  
  78  6:26  Marine x2, Orbital Command  
  78  6:29  SCV  
  78  6:30  SCV  
  78  6:32  Supply Depot  
  84  6:33  Marauder x2  
  86  6:44  Engineering Bay x2  
  86  6:48  Marine x2  
  86  6:50  SCV x2  
  86  6:53  Orbital Command  
  90  7:03  Barracks, Marauder x2  
  90  7:04  Concussive Shells  
  90  7:05  Barracks  
  94  7:10  Marine x2  
  94  7:11  Medivac  
  94  7:12  Medivac  
  100  7:20  SCV  
  100  7:21  SCV x2  
  103  7:26  Marauder x2  
  107  7:33  SCV x2  
  104  7:51  Armory  
  104  7:56  Marauder x2, Marine x2  
  85  8:14  Marine x2  
  85  8:17  Marauder  
  85  8:18  Marauder  
  89  8:32  Marine x2  
  76  8:39  Marauder x2, Marine x2  
  76  8:49  Marine x2  
  69  8:57  Marine x2  
  69  9:00  Marauder x2  
  70  9:07  Marine x2  
Show
View Real Time Build Order
Export as new Build Order

Chris Protoss - Winner!

Build Orders: 1 Gate Expand, Blink Stalkers 

Get SALT Encoding   

  12  0:01  Probe (Chrono Boost)  
  13  0:11  Probe (Chrono Boost)  
  14  0:19  Pylon  
  14  0:22  Probe (Chrono Boost)  
  15  0:37  Probe (Chrono Boost)  
  16  0:43  Gateway  
  16  0:48  Probe (Chrono Boost)  
  17  0:57  Assimilator  
  17  0:58  Probe (Chrono Boost)  
  18  1:09  Probe (Chrono Boost)  
  19  1:21  Nexus  
  19  1:31  Cybernetics Core  
  19  1:34  Probe (Chrono Boost)  
  19  1:39  Assimilator  
  20  1:45  Probe (Chrono Boost)  
  21  1:55  Probe (Chrono Boost), Pylon  
  21  2:06  Probe (Chrono Boost)  
  22  2:08  Warp Gate  
  22  2:13  Adept (Chrono Boost)  
  24  2:21  Mothership Core  
  26  2:32  Pylon  
  26  2:34  Probe (Chrono Boost)  
  27  2:42  Probe (Chrono Boost)  
  28  2:49  Probe (Chrono Boost)  
  29  2:52  Probe (Chrono Boost)  
  30  2:58  Stalker  
  30  2:59  Probe (Chrono Boost)  
  30  3:01  Twilight Council  
  30  3:03  Probe (Chrono Boost)  
  34  3:10  Probe (Chrono Boost)  
  35  3:13  Probe (Chrono Boost)  
  36  3:20  Probe (Chrono Boost)  
  36  3:23  Gateway  
  36  3:24  Gateway  
  38  3:27  Probe (Chrono Boost)  
  38  3:31  Probe (Chrono Boost)  
  39  3:35  Blink (Chrono Boost)  
  39  3:37  Probe (Chrono Boost)  
  39  3:39  Sentry  
  42  3:51  Probe (Chrono Boost)  
  42  3:54  Probe (Chrono Boost)  
  44  4:04  Robotics Facility  
  44  4:05  Probe (Chrono Boost)  
  44  4:06  Probe (Chrono Boost)  
  44  4:07  Pylon  
  46  4:15  Probe (Chrono Boost)  
  47  4:17  Probe (Chrono Boost)  
  47  4:20  Pylon  
  48  4:26  Probe (Chrono Boost), Assimilator  
  48  4:28  Probe (Chrono Boost)  
  48  4:30  Assimilator  
  50  4:34  Stalker  
  50  4:35  Stalker x2, Pylon  
  56  4:39  Probe (Chrono Boost)  
  56  4:44  Pylon  
  57  4:55  Warp Prism (Chrono Boost)  
  57  4:58  Stalker x2  
  63  5:00  Stalker  
  65  5:09  Forge  
  65  5:13  Robotics Bay  
  65  5:25  Gateway  
  65  5:26  Gateway  
  65  5:29  Observer (Chrono Boost)  
  65  5:30  Probe  
  65  5:33  Pylon  
  65  5:34  Probe  
  68  5:47  Stalker x3  
  75  5:50  Observer (Chrono Boost)  
  75  5:51  Protoss Ground Armor Level 1  
  75  5:57  Probe  
  76  5:59  Pylon  
  76  6:09  Disruptor (Chrono Boost)  
  79  6:14  Gateway  
  79  6:16  Zealot x2  
  79  6:17  Pylon  
  83  6:20  Pylon  
  83  6:25  Zealot x2  
  87  6:28  Zealot  
  92  6:40  Disruptor (Chrono Boost)  
  92  6:42  Pylon  
  92  7:00  Nexus  
  92  7:06  Pylon  
  92  7:11  Disruptor (Chrono Boost)  
  95  7:18  Probe x2  
  97  7:25  Gateway  
  97  7:26  Gateway  
  97  7:28  Adept  
  97  7:29  Adept  
  101  7:30  Probe  
  101  7:35  Stalker  
  101  7:36  Stalker x2  
  108  7:42  Disruptor (Chrono Boost)  
  105  7:47  Stalker  
  107  7:52  Probe  
  107  7:53  Probe  
  107  7:54  Forge  
  109  8:04  Probe  
  109  8:05  Probe  
  101  8:12  Stalker  
  101  8:13  Stalker x2  
  101  8:17  Probe x2  
  101  8:18  Disruptor (Chrono Boost)  
  112  8:23  Probe  
  113  8:33  Probe  
  100  8:40  Probe  
  99  8:42  Adept  
  99  8:43  Adept x3  
  99  8:44  Adept  
  109  8:49  Probe  
  111  9:24  Stalker x6  
Tags
 
Add a new tag
Caveats
  • Supply blocks, unpowered buildings, or Contaminate may cause inaccurate times.
  • Supply counts are checked every 10 seconds.